[Event "4th Chessfestival Gredine 2018"]
[Site "Ortisei"]
[Date "2018.06.20"]
[Round "5.18"]
[White "Molina, Fabrizio"]
[Black "Behling, Robert"]
[Result "1-0"]
[ECO "D00"]
[WhiteElo "2212"]
[BlackElo "2128"]
[Annotator "NA"]
[PlyCount "57"]
[EventDate "2018.06.16"]
[EventType "swiss"]
[EventCountry "ITA"]
[SourceTitle "playchess.com"]
[Source "ChessBase"]
[SourceQuality "1"]
[TimeControl "40/5400+30:1800+30"]

1. d4 d5 2. Bf4 Nf6 3. e3 c5 4. c3 Nc6 5. Nd2 cxd4 6. exd4 Bf5 7. Qb3 Qc8 8. Ngf3 e6 9. Nh4 Be4 10. Nhf3 Be7 11. Nxe4 Nxe4 12. Bd3 Bd6 13. Bxd6 Nxd6 14. h4 Qc7 15. Qc2 O-O-O 16. O-O Kb8 17. Rfe1 g6 18. b3 Rc8 19. Qd2 h6 20. c4 dxc4 21. bxc4 g5 22. c5 Ne8 23. Rab1 Ka8 24. hxg5 Qd8 25. Qb2 Na5 26. Be4 Rb8 27. Ne5 Qc7 28. Re3 f6 29. Ra3 1-0

[Event "4th Chessfestival Gredine 2018"]
[Site "Ortisei"]
[Date "2018.06.20"]
[Round "5.19"]
[White "Movileanu, Daniela"]
[Black "Kornitzky, Tino"]
[Result "1/2-1/2"]
[ECO "B01"]
[WhiteElo "2199"]
[BlackElo "2112"]
[Annotator "NA"]
[PlyCount "75"]
[EventDate "2018.06.16"]
[EventType "swiss"]
[EventCountry "ITA"]
[SourceTitle "playchess.com"]
[Source "ChessBase"]
[SourceQuality "1"]
[TimeControl "40/5400+30:1800+30"]

1. e4 d5 2. exd5 Qxd5 3. Nc3 Qa5 4. d4 Nf6 5. Bc4 Nc6 6. d5 Nb4 7. Nge2 c6 8. dxc6 Nxc6 9. Bd2 e6 10. O-O Be7 11. Nd5 Qd8 12. Nxe7 Qxe7 13. Ng3 O-O 14. c3 b6 15. Qe2 Bb7 16. Rfe1 Rfe8 17. Rad1 h6 18. Bd3 Rad8 19. Bb1 Rd7 20. Bf4 Red8 21. h3 Rxd1 22. Rxd1 Rd7 23. Rxd7 Qxd7 24. Qd3 Qxd3 25. Bxd3 Ne7 26. c4 Kf8 27. f3 Nc6 28. a3 Ke7 29. Kf2 Nd7 30. b4 Nce5 31. Be2 Ba6 32. b5 Bb7 33. Bd2 a5 34. Ke3 f6 35. Bc3 Nf7 36. Nf1 Nd6 37. Nd2 Nc5 38. Nb1 1/2-1/2

[Event "4th Chessfestival Gredine 2018"]
[Site "Ortisei"]
[Date "2018.06.20"]
[Round "5.20"]
[White "Wiesinger, Robert"]
[Black "Cappelletto, Joshuaede"]
[Result "1/2-1/2"]
[ECO "B06"]
[WhiteElo "2199"]
[BlackElo "2000"]
[Annotator "NA"]
[PlyCount "73"]
[EventDate "2018.06.16"]
[EventType "swiss"]
[EventCountry "ITA"]
[SourceTitle "playchess.com"]
[Source "ChessBase"]
[SourceQuality "1"]
[TimeControl "40/5400+30:1800+30"]

1. e4 g6 2. d4 Bg7 3. Nf3 d6 4. Bc4 Nc6 5. c3 Nf6 6. Qe2 e5 7. O-O O-O 8. Bb5 Nd7 9. Be3 a6 10. Bxc6 bxc6 11. Nbd2 a5 12. Rfd1 Ba6 13. c4 Qe7 14. dxe5 Nxe5 15. Bd4 d5 16. Bxe5 Bxe5 17. Nxe5 Qxe5 18. Qd3 Qxb2 19. exd5 cxd5 20. Qxd5 Rad8 21. Qxa5 Bc8 22. Nf1 Bg4 23. f3 Be6 24. Qxc7 Rc8 25. Qd6 Rxc4 26. Ne3 Rc3 27. Qd4 Rfc8 28. a4 Qb3 29. Rdb1 Rd3 30. Rxb3 Rxd4 31. Rba3 Rd2 32. a5 Rc7 33. a6 Ra7 34. Kf1 Rd6 35. Kf2 Kg7 36. Kg3 h5 37. h4 1/2-1/2

[Event "4th Chessfestival Gredine 2018"]
[Site "Ortisei"]
[Date "2018.06.21"]
[Round "6.7"]
[White "Seyb, Dieter"]
[Black "Hecht, Hans-Joachim"]
[Result "1/2-1/2"]
[ECO "B08"]
[WhiteElo "2179"]
[BlackElo "2327"]
[Annotator "NA"]
[PlyCount "50"]
[EventDate "2018.06.16"]
[EventType "swiss"]
[EventCountry "ITA"]
[SourceTitle "playchess.com"]
[Source "ChessBase"]
[SourceQuality "1"]
[TimeControl "40/5400+30:1800+30"]

1. e4 d6 2. d4 g6 3. Nc3 Bg7 4. Nf3 Nf6 5. Be2 O-O 6. O-O c6 7. h3 Nbd7 8. e5 Nd5 9. exd6 exd6 10. Nxd5 cxd5 11. c3 h6 12. Qb3 Nf6 13. Bf4 Qc7 14. Bd3 Be6 15. Rfe1 g5 16. Bh2 Ne4 17. Rad1 Rfe8 18. Re2 f5 19. Nd2 f4 20. Nf1 Bf7 21. Rde1 a6 22. f3 Nf6 23. g3 Rxe2 24. Rxe2 Nh5 25. g4 Nf6 1/2-1/2

[Event "4th Chessfestival Gredine 2018"]
[Site "Ortisei"]
[Date "2018.06.21"]
[Round "6.12"]
[White "Moroder, Stefan"]
[Black "Borgo, Giulio"]
[Result "0-1"]
[ECO "C11"]
[WhiteElo "2183"]
[BlackElo "2397"]
[Annotator "NA"]
[PlyCount "144"]
[EventDate "2018.06.16"]
[EventType "swiss"]
[EventCountry "ITA"]
[SourceTitle "playchess.com"]
[Source "ChessBase"]
[SourceQuality "1"]
[TimeControl "40/5400+30:1800+30"]

1. e4 e6 2. d4 d5 3. Nc3 Nf6 4. e5 Nfd7 5. Nce2 c5 6. c3 Nc6 7. Nf3 cxd4 8. cxd4 f6 9. Nf4 Bb4+ 10. Bd2 Qe7 11. exf6 gxf6 12. Bd3 O-O 13. O-O Qf7 14. Re1 Nb6 15. Bxb4 Nxb4 16. Re3 Nxd3 17. Rxd3 Kh8 18. Qe2 Bd7 19. Rc3 Rae8 20. Nd3 Bb5 21. b3 Qh5 22. a4 Bd7 23. Re1 Rg8 24. Rc7 Re7 25. g3 Reg7 26. Nf4 Qg4 27. Qe3 Nc8 28. h3 Qf5 29. Nh4 Qg5 30. Kh2 Re8 31. Nf3 Qh6 32. Nd3 Qxe3 33. Rxe3 Nd6 34. Nc5 Bc8 35. Rxg7 Kxg7 36. Nd2 Kf7 37. g4 Ke7 38. Kg2 Kd8 39. Rc3 e5 40. dxe5 fxe5 41. Nd3 Re7 42. f3 b6 43. Nb4 Bb7 44. Nc6+ Bxc6 45. Rxc6 Kd7 46. Rc1 Rf7 47. a5 Nb7 48. axb6 axb6 49. Ra1 Kc6 50. Ra8 Nd6 51. h4 Kc5 52. Rd8 Nb7 53. Re8 Kd4 54. g5 b5 55. b4 Nd6 56. Re6 Nc4 57. Nb3+ Ke3 58. Nc5 Rxf3 59. Nd7 Rf2+ 60. Kg3 Rf3+ 61. Kg2 Rf2+ 62. Kg3 e4 63. Nf6 Rf3+ 64. Kg2 Kd4 65. Nxh7 Ne3+ 66. Kh2 Rf4 67. Kg3 Rf3+ 68. Kh2 Nf5 69. g6 Rf4 70. Nf6 Rxh4+ 71. Kg2 Rh6 72. Ng4 Rxg6 0-1

[Event "4th Chessfestival Gredine 2018"]
[Site "Ortisei"]
[Date "2018.06.21"]
[Round "6.13"]
[White "Volkov, Dmitriy"]
[Black "Arne, Mike"]
[Result "1-0"]
[ECO "C45"]
[WhiteElo "2334"]
[BlackElo "2181"]
[Annotator "NA"]
[PlyCount "80"]
[EventDate "2018.06.16"]
[EventType "swiss"]
[EventCountry "ITA"]
[SourceTitle "playchess.com"]
[Source "ChessBase"]
[SourceQuality "1"]
[TimeControl "40/5400+30:1800+30"]

1. e4 e5 2. Nf3 Nc6 3. d4 exd4 4. Nxd4 Nf6 5. Nxc6 bxc6 6. e5 Qe7 7. Qe2 Nd5 8. c4 Nb6 9. Nc3 Ba6 10. b3 O-O-O 11. Bb2 Re8 12. Ne4 d5 13. Qg4+ Kb7 14. cxd5 cxd5 15. Bxa6+ Kxa6 16. Nd2 Qb4 17. Qe2+ Qb5 18. Qf3 f6 19. a4 Qa5 20. O-O Bb4 21. Qd3+ Kb7 22. Nf3 fxe5 23. Bxe5 Nd7 24. Bxg7 Rhg8 25. Bb2 Re7 26. Rac1 c6 27. Qc2 Rg6 28. Rfd1 Re4 29. h4 Rd6 30. g3 Qd8 31. Ng5 Re7 32. Nxh7 Ne5 33. Ng5 Qf8 34. Rd4 c5 35. Rxb4+ cxb4 36. Bxe5 Rxe5 37. Qc7+ Ka8 38. Nf7 Ree6 39. Nxd6 Rxd6 40. Rc6 Re6 1-0

[Event "4th Chessfestival Gredine 2018"]
[Site "Ortisei"]
[Date "2018.06.21"]
[Round "6.14"]
[White "Vaishali R"]
[Black "Chennaoui, Yasin"]
[Result "1-0"]
[ECO "C42"]
[WhiteElo "2310"]
[BlackElo "2002"]
[Annotator "NA"]
[PlyCount "115"]
[EventDate "2018.06.16"]
[EventType "swiss"]
[EventCountry "ITA"]
[SourceTitle "playchess.com"]
[Source "ChessBase"]
[SourceQuality "1"]
[TimeControl "40/5400+30:1800+30"]

1. e4 e5 2. Nf3 Nf6 3. Nxe5 d6 4. Nf3 Nxe4 5. c4 Be7 6. d4 c6 7. Bd3 d5 8. O-O Bf5 9. Qc2 Nd7 10. Nc3 Ndf6 11. Ng5 h6 12. Ngxe4 dxe4 13. Nxe4 Bxe4 14. Bxe4 Qxd4 15. Bf3 O-O 16. Be3 Qd7 17. Rad1 Qc7 18. Qf5 Rad8 19. Bd4 Qc8 20. Qa5 a6 21. Bc3 Rxd1 22. Rxd1 Rd8 23. Re1 Re8 24. b4 Bd8 25. Rxe8+ Nxe8 26. Qc5 Bf6 27. Bxf6 Nxf6 28. g3 Qd8 29. Kg2 g6 30. a4 Kg7 31. a5 Qd2 32. Qb6 Qe1 33. b5 axb5 34. cxb5 cxb5 35. Bxb7 Qe5 36. Bf3 Nd7 37. Qc6 Nc5 38. Qxb5 Qd4 39. Qb6 Qc4 40. Qc6 Qd4 41. Be2 Ne4 42. Qb6 Qd2 43. Qe3 Qxe3 44. fxe3 Nd6 45. a6 Nc8 46. Kf3 f5 47. e4 Kf6 48. exf5 Kxf5 49. Bd3+ Kf6 50. Ke3 g5 51. Kd4 h5 52. Kd5 Ke7 53. Bf5 Nd6 54. Kc6 Nxf5 55. a7 Nd4+ 56. Kb6 h4 57. a8=Q hxg3 58. Qa3+ 1-0

[Event "4th Chessfestival Gredine 2018"]
[Site "Ortisei"]
[Date "2018.06.21"]
[Round "6.15"]
[White "Movileanu, Daniela"]
[Black "De Vita, Gianni"]
[Result "1-0"]
[ECO "B42"]
[WhiteElo "2199"]
[BlackElo "2036"]
[Annotator "NA"]
[PlyCount "63"]
[EventDate "2018.06.16"]
[EventType "swiss"]
[EventCountry "ITA"]
[SourceTitle "playchess.com"]
[Source "ChessBase"]
[SourceQuality "1"]
[TimeControl "40/5400+30:1800+30"]

1. e4 c5 2. Nf3 e6 3. d4 cxd4 4. Nxd4 a6 5. Bd3 Ne7 6. O-O Nbc6 7. Nxc6 Nxc6 8. c4 Qc7 9. Nc3 b6 10. b3 Bc5 11. Bb2 Bb7 12. Kh1 Nd4 13. Na4 e5 14. f4 d6 15. Nc3 h5 16. b4 Bxb4 17. Qa4+ Nc6 18. Nd5 Qd7 19. Nxb4 h4 20. Nd5 h3 21. g3 b5 22. Qd1 bxc4 23. Bxc4 Na5 24. Bd3 f5 25. Qe2 Qa4 26. fxe5 fxe4 27. Bxe4 Rc8 28. exd6 Kd8 29. Qe3 Rc2 30. Rac1 Re8 31. Qb6+ Kc8 32. d7+ 1-0

[Event "4th Chessfestival Gredine 2018"]
[Site "Ortisei"]
[Date "2018.06.21"]
[Round "6.16"]
[White "Voltolini, Giuseppe"]
[Black "Herzog, Adolf"]
[Result "1/2-1/2"]
[ECO "D12"]
[WhiteElo "2150"]
[BlackElo "2344"]
[Annotator "NA"]
[PlyCount "135"]
[EventDate "2018.06.16"]
[EventType "swiss"]
[EventCountry "ITA"]
[SourceTitle "playchess.com"]
[Source "ChessBase"]
[SourceQuality "1"]
[TimeControl "40/5400+30:1800+30"]

1. d4 d5 2. c4 c6 3. Nf3 Nf6 4. e3 Bf5 5. Nc3 e6 6. Nh4 Bg6 7. Qb3 Qc7 8. Nxg6 hxg6 9. g3 Nbd7 10. Bd2 a6 11. Rc1 Rc8 12. Bg2 dxc4 13. Qxc4 Be7 14. O-O O-O 15. Qb3 e5 16. d5 c5 17. a4 b6 18. Rfd1 Bd6 19. Qc4 Ra8 20. b3 Qd8 21. h3 Qe7 22. Rc2 Ne8 23. Ne4 f5 24. Nxd6 Nxd6 25. Qe2 e4 26. Bc3 b5 27. h4 Rfc8 28. Rb1 Nb6 29. axb5 axb5 30. Qd2 Nd7 31. Bf1 Rc7 32. Ra2 Rac8 33. Ra5 Rb7 34. Rba1 Ne5 35. Bxe5 Qxe5 36. Rc1 c4 37. bxc4 bxc4 38. Qc3 Qxc3 39. Rxc3 Rb3 40. Rc1 c3 41. Ra6 c2 42. Rc6 Rxc6 43. dxc6 Rc3 44. Be2 Rxc6 45. Kf1 g5 46. hxg5 Nf7 47. Ke1 Nxg5 48. g4 Kf7 49. gxf5 Kf6 50. Kd2 Kxf5 51. Rxc2 Rd6+ 52. Ke1 Rd5 53. Rb2 Nf3+ 54. Bxf3 exf3 55. Rb4 Ke6 56. Rf4 Rf5 57. Rxf5 Kxf5 58. Kf1 Kg4 59. Kg1 Kh3 60. Kh1 g5 61. Kg1 Kh4 62. Kh2 Kg4 63. Kh1 Kh3 64. Kg1 Kg4 65. Kh2 Kh4 66. Kh1 Kh3 67. Kg1 Kh4 68. Kh2 1/2-1/2

[Event "4th Chessfestival Gredine 2018"]
[Site "Ortisei"]
[Date "2018.06.21"]
[Round "6.17"]
[White "Schnelzer, Reinhold"]
[Black "Fischer, Daniel"]
[Result "1/2-1/2"]
[ECO "D37"]
[WhiteElo "2182"]
[BlackElo "2263"]
[Annotator "NA"]
[PlyCount "43"]
[EventDate "2018.06.16"]
[EventType "swiss"]
[EventCountry "ITA"]
[SourceTitle "playchess.com"]
[Source "ChessBase"]
[SourceQuality "1"]
[TimeControl "40/5400+30:1800+30"]

1. d4 Nf6 2. c4 e6 3. Nf3 d5 4. Nc3 Be7 5. Bf4 O-O 6. e3 c5 7. dxc5 Bxc5 8. cxd5 Nxd5 9. Nxd5 exd5 10. a3 Nc6 11. Bd3 Bb6 12. O-O Bg4 13. b4 d4 14. b5 Na5 15. exd4 Qd5 16. Be2 Rad8 17. Rc1 Nb3 18. Rb1 Nxd4 19. Nxd4 Qxd4 20. Qxd4 Rxd4 21. Bxg4 Rxf4 22. Bf3 1/2-1/2

[Event "4th Chessfestival Gredine 2018"]
[Site "Ortisei"]
[Date "2018.06.21"]
[Round "6.18"]
[White "Thiel, Thomas"]
[Black "Zenari, Marco"]
[Result "1-0"]
[ECO "A45"]
[WhiteElo "2261"]
[BlackElo "2177"]
[Annotator "NA"]
[PlyCount "81"]
[EventDate "2018.06.16"]
[EventType "swiss"]
[EventCountry "ITA"]
[SourceTitle "playchess.com"]
[Source "ChessBase"]
[SourceQuality "1"]
[TimeControl "40/5400+30:1800+30"]

1. d4 Nf6 2. Bg5 c5 3. d5 Ne4 4. Bf4 Qb6 5. Nd2 Nxd2 6. Bxd2 e5 7. Bc3 d6 8. f4 Nd7 9. Nf3 Be7 10. fxe5 dxe5 11. Nxe5 Nxe5 12. Bxe5 Bf6 13. Bxf6 Qxf6 14. Qd2 Qxb2 15. Qe3+ Kd8 16. Rd1 Re8 17. Qxc5 Bd7 18. Qd4 Qxc2 19. Qxg7 Qf5 20. h4 f6 21. Rh3 Qf4 22. Rf3 Qxh4+ 23. g3 Qg5 24. Qxf6+ Qxf6 25. Rxf6 Rc8 26. Rd2 Rc3 27. Kf2 Ke7 28. Rf3 Rxf3+ 29. exf3 Kd6 30. Bd3 h6 31. Be4 Rc8 32. Ke3 b5 33. Rh2 Rc3+ 34. Kf4 a5 35. Rxh6+ Kc5 36. Ke5 b4 37. Rh7 Ba4 38. d6 Ra3 39. Ra7 Rxa2 40. Rxa5+ Kb6 41. d7 1-0

[Event "4th Chessfestival Gredine 2018"]
[Site "Ortisei"]
[Date "2018.06.21"]
[Round "6.19"]
[White "Stelzer, Harald"]
[Black "Wecker, Martin"]
[Result "0-1"]
[ECO "B47"]
[WhiteElo "2227"]
[BlackElo "2143"]
[Annotator "NA"]
[PlyCount "60"]
[EventDate "2018.06.16"]
[EventType "swiss"]
[EventCountry "ITA"]
[SourceTitle "playchess.com"]
[Source "ChessBase"]
[SourceQuality "1"]
[TimeControl "40/5400+30:1800+30"]

1. e4 c5 2. Nf3 e6 3. d4 cxd4 4. Nxd4 Nc6 5. Nc3 Qc7 6. Ndb5 Qb8 7. Be3 a6 8. Bb6 axb5 9. Nxb5 Bb4+ 10. c3 Ba5 11. Nc7+ Qxc7 12. Bxc7 Bxc7 13. Qg4 Be5 14. Bb5 Nf6 15. Qe2 O-O 16. O-O Bc7 17. a4 d5 18. Bd3 Ne5 19. Bc2 Bd7 20. exd5 exd5 21. f3 Nc4 22. Rfb1 Rfe8 23. Qd1 Bb6+ 24. Kh1 Re5 25. Bd3 Rae8 26. b3 Ne3 27. Qd2 Nh5 28. Qf2 Nd1 29. Qxb6 Re1+ 30. Qg1 Nf2# 0-1

[Event "4th Chessfestival Gredine 2018"]
[Site "Ortisei"]
[Date "2018.06.21"]
[Round "6.20"]
[White "Curien, Nicolas"]
[Black "Uhl, Michael"]
[Result "1-0"]
[ECO "D00"]
[WhiteElo "2204"]
[BlackElo "2116"]
[Annotator "NA"]
[PlyCount "71"]
[EventDate "2018.06.16"]
[EventType "swiss"]
[EventCountry "ITA"]
[SourceTitle "playchess.com"]
[Source "ChessBase"]
[SourceQuality "1"]
[TimeControl "40/5400+30:1800+30"]

1. d4 d5 2. Bf4 c5 3. e3 Nc6 4. c3 Nf6 5. Nd2 Qb6 6. Qb3 c4 7. Qc2 Bg4 8. h3 Bh5 9. b3 Bg6 10. Qd1 cxb3 11. axb3 e6 12. b4 Be7 13. b5 Nb8 14. Ngf3 O-O 15. Be2 Rc8 16. Qb3 Ne4 17. c4 dxc4 18. Nxc4 Qd8 19. O-O Nd7 20. Rfc1 Nb6 21. Nxb6 Qxb6 22. Ne5 Nf6 23. Rxc8+ Rxc8 24. Nc4 Qd8 25. Rxa7 Be4 26. f3 Bd5 27. Qa4 Bxc4 28. Bxc4 Nd5 29. Bxd5 Qxd5 30. e4 Qd7 31. Ra8 h6 32. Rxc8+ Qxc8 33. b6 e5 34. Bxe5 Qc1+ 35. Kh2 Bh4 36. Qe8+ 1-0

[Event "4th Chessfestival Gredine 2018"]
[Site "Ortisei"]
[Date "2018.06.22"]
[Round "7.9"]
[White "Molina, Fabrizio"]
[Black "Bertagnolli, Alexander"]
[Result "1-0"]
[ECO "A45"]
[WhiteElo "2212"]
[BlackElo "2398"]
[Annotator "NA"]
[PlyCount "115"]
[EventDate "2018.06.16"]
[EventType "swiss"]
[EventCountry "ITA"]
[SourceTitle "playchess.com"]
[Source "ChessBase"]
[SourceQuality "1"]
[TimeControl "40/5400+30:1800+30"]

1. d4 Nf6 2. Bf4 c5 3. dxc5 Qa5+ 4. Nd2 Qxc5 5. e3 g6 6. Nb3 Qb6 7. Nf3 Bg7 8. c3 d6 9. h3 O-O 10. Be2 a5 11. a4 e5 12. Bh2 Be6 13. Nfd2 Nbd7 14. Nc4 Qc6 15. Nbd2 Bd5 16. Bf3 Bxf3 17. Qxf3 e4 18. Qe2 d5 19. Ne5 Nxe5 20. Bxe5 Nd7 21. Bxg7 Kxg7 22. Nb3 Ne5 23. O-O f5 24. Rfd1 f4 25. exf4 Rxf4 26. Qb5 Nd3 27. Nd4 Qxb5 28. axb5 Rf6 29. Rd2 b6 30. Rad1 a4 31. Ra1 Ra5 32. f3 Kf7 33. fxe4 dxe4 34. Re2 Nc5 35. Ra3 Rd6 36. Kf2 Ne6 37. Nxe6 Rxe6 38. c4 Kf6 39. Rd2 Ra8 40. Ke3 Ree8 41. Rd6+ Ke5 42. Rxb6 Rad8 43. Rb7 Rd1 44. Rxa4 Rd3+ 45. Ke2 Rb3 46. Rd7 Rxb2+ 47. Rd2 Rxd2+ 48. Kxd2 Kd4 49. b6 Rb8 50. Rb4 Rb7 51. h4 h6 52. g4 e3+ 53. Ke2 Kc5 54. Rb1 Kxc4 55. Kxe3 Kc5 56. Ke4 Re7+ 57. Kf4 Kc6 58. b7 1-0

[Event "4th Chessfestival Gredine 2018"]
[Site "Ortisei"]
[Date "2018.06.22"]
[Round "7.12"]
[White "Sarkar, Justin"]
[Black "Movileanu, Daniela"]
[Result "1-0"]
[ECO "D81"]
[WhiteElo "2297"]
[BlackElo "2199"]
[Annotator "NA"]
[PlyCount "83"]
[EventDate "2018.06.16"]
[EventType "swiss"]
[EventCountry "ITA"]
[SourceTitle "playchess.com"]
[Source "ChessBase"]
[SourceQuality "1"]
[TimeControl "40/5400+30:1800+30"]

1. d4 Nf6 2. c4 g6 3. Nc3 d5 4. Qb3 e6 5. Bg5 c6 6. e3 h6 7. Bh4 Be7 8. Nf3 Nbd7 9. Bd3 O-O 10. Qc2 Kg7 11. O-O b6 12. e4 dxe4 13. Nxe4 Nxe4 14. Bxe7 Qxe7 15. Bxe4 Bb7 16. Rfe1 Rfd8 17. Rad1 Qd6 18. Qc3 Nf6 19. Bc2 c5 20. dxc5 Qxc5 21. Ne5 Qe7 22. b4 Rxd1 23. Rxd1 Rd8 24. Rxd8 Qxd8 25. f3 Kg8 26. Kf2 h5 27. c5 bxc5 28. bxc5 Nd5 29. Qd4 Qc7 30. h4 Ba6 31. Be4 Bb7 32. Nc4 Qf4 33. g3 Qc1 34. Nd6 Bc6 35. Nc8 Qh1 36. Bxd5 Qh2+ 37. Kf1 Qh3+ 38. Ke2 Qg2+ 39. Qf2 Bb5+ 40. Ke3 Qxf2+ 41. Kxf2 exd5 42. Nxa7 1-0

[Event "4th Chessfestival Gredine 2018"]
[Site "Ortisei"]
[Date "2018.06.22"]
[Round "7.13"]
[White "Johnsen, Gunnar"]
[Black "Thiel, Thomas"]
[Result "0-1"]
[ECO "D14"]
[WhiteElo "2188"]
[BlackElo "2261"]
[Annotator "NA"]
[PlyCount "62"]
[EventDate "2018.06.16"]
[EventType "swiss"]
[EventCountry "ITA"]
[SourceTitle "playchess.com"]
[Source "ChessBase"]
[SourceQuality "1"]
[TimeControl "40/5400+30:1800+30"]

1. Nf3 d5 2. c4 c6 3. d4 Nf6 4. cxd5 cxd5 5. Nc3 Nc6 6. Bf4 Bf5 7. e3 e6 8. Qb3 Bb4 9. Bb5 O-O 10. Bxc6 Bxc3+ 11. Qxc3 Ne4 12. Qa3 bxc6 13. O-O Qb6 14. Rfc1 Rfc8 15. Ne5 c5 16. f3 cxd4 17. fxe4 Bxe4 18. Nf3 d3 19. Qb3 f6 20. Qxb6 axb6 21. a3 Kf7 22. Bd6 e5 23. Nd2 Ke6 24. Nxe4 dxe4 25. Bb4 f5 26. Bd2 g5 27. g3 Kd5 28. b3 Rxc1+ 29. Bxc1 Rc8 30. Bd2 Rc2 31. Rd1 Rb2 0-1

[Event "4th Chessfestival Gredine 2018"]
[Site "Ortisei"]
[Date "2018.06.22"]
[Round "7.14"]
[White "Wecker, Martin"]
[Black "Curien, Nicolas"]
[Result "0-1"]
[ECO "E05"]
[WhiteElo "2143"]
[BlackElo "2204"]
[Annotator "NA"]
[PlyCount "50"]
[EventDate "2018.06.16"]
[EventType "swiss"]
[EventCountry "ITA"]
[SourceTitle "playchess.com"]
[Source "ChessBase"]
[SourceQuality "1"]
[TimeControl "40/5400+30:1800+30"]

1. d4 d5 2. c4 e6 3. Nf3 Nf6 4. g3 Be7 5. Bg2 O-O 6. O-O dxc4 7. Ne5 c5 8. dxc5 Qc7 9. Nxc4 Qxc5 10. b3 Rd8 11. Qc2 Qh5 12. Bb2 Nc6 13. Rd1 Bd7 14. Nc3 Nb4 15. Qc1 Bc6 16. a3 Bxg2 17. Kxg2 Rxd1 18. Qxd1 Rd8 19. Qb1 Nbd5 20. e4 Nxc3 21. Bxc3 Ng4 22. h3 Nxf2 23. Kxf2 Bc5+ 24. Ne3 Bxe3+ 25. Kxe3 Qc5+ 0-1

[Event "4th Chessfestival Gredine 2018"]
[Site "Ortisei"]
[Date "2018.06.22"]
[Round "7.15"]
[White "Lorscheid, Gerhard"]
[Black "Landi, Alberto"]
[Result "1/2-1/2"]
[ECO "D45"]
[WhiteElo "2200"]
[BlackElo "2198"]
[Annotator "NA"]
[PlyCount "23"]
[EventDate "2018.06.16"]
[EventType "swiss"]
[EventCountry "ITA"]
[SourceTitle "playchess.com"]
[Source "ChessBase"]
[SourceQuality "1"]
[TimeControl "40/5400+30:1800+30"]

1. d4 d5 2. c4 e6 3. Nc3 c6 4. e3 Nf6 5. Nf3 Nbd7 6. Qc2 Bd6 7. b3 O-O 8. Bb2 b6 9. Bd3 Bb7 10. O-O Qe7 11. Rfe1 c5 12. cxd5 1/2-1/2

[Event "4th Chessfestival Gredine 2018"]
[Site "Ortisei"]
[Date "2018.06.22"]
[Round "7.17"]
[White "Fischer, Daniel"]
[Black "Voltolini, Giuseppe"]
[Result "1-0"]
[ECO "C06"]
[WhiteElo "2263"]
[BlackElo "2150"]
[Annotator "NA"]
[PlyCount "69"]
[EventDate "2018.06.16"]
[EventType "swiss"]
[EventCountry "ITA"]
[SourceTitle "playchess.com"]
[Source "ChessBase"]
[SourceQuality "1"]
[TimeControl "40/5400+30:1800+30"]

1. e4 e6 2. d4 d5 3. Nd2 Nf6 4. e5 Nfd7 5. Bd3 c5 6. c3 Nc6 7. Ne2 cxd4 8. cxd4 f6 9. exf6 Nxf6 10. O-O Bd6 11. Nf3 Qc7 12. h3 O-O 13. Re1 e5 14. dxe5 Nxe5 15. Nxe5 Bxe5 16. Qb3 Be6 17. Be3 Bf7 18. Rac1 Qb8 19. Nd4 Bh2+ 20. Kh1 Bf4 21. Bf5 Re8 22. g3 Bxe3 23. Rxe3 Rxe3 24. Qxe3 Qd6 25. Kg2 a6 26. Qb3 b5 27. Rc6 Qe5 28. Qc3 g6 29. Be6 b4 30. Qxb4 Rb8 31. Qe7 Qxd4 32. Bxf7+ Kg7 33. Be8+ Kh6 34. Qf8+ Kh5 35. Bxg6+ 1-0

[Event "4th Chessfestival Gredine 2018"]
[Site "Ortisei"]
[Date "2018.06.22"]
[Round "7.18"]
[White "De Vita, Gianni"]
[Black "Dittmar, Peter"]
[Result "0-1"]
[ECO "B18"]
[WhiteElo "2036"]
[BlackElo "2252"]
[Annotator "NA"]
[PlyCount "144"]
[EventDate "2018.06.16"]
[EventType "swiss"]
[EventCountry "ITA"]
[SourceTitle "playchess.com"]
[Source "ChessBase"]
[SourceQuality "1"]
[TimeControl "40/5400+30:1800+30"]

1. e4 c6 2. d4 d5 3. Nd2 dxe4 4. Nxe4 Qc7 5. Bc4 Bf5 6. Ng3 Bg6 7. Nh3 Nf6 8. Nf4 e6 9. Bb3 Bd6 10. Qf3 Nd5 11. Nge2 a5 12. c3 a4 13. Nxg6 hxg6 14. Bc2 Nd7 15. Bg5 Qa5 16. h4 N5b6 17. g3 Nc4 18. Rb1 e5 19. O-O O-O 20. Bd3 exd4 21. cxd4 Ncb6 22. Qg4 Rfe8 23. Nc3 Nf8 24. Be3 Nd5 25. Nxd5 Qxd5 26. a3 Nh7 27. Rfe1 Nf6 28. Qe2 Re7 29. Bc4 Qa5 30. Qf3 Rae8 31. Red1 Qf5 32. Kg2 Nd5 33. Bxd5 Qxd5 34. Qxd5 cxd5 35. b3 Ra8 36. b4 Rc8 37. Rbc1 Rec7 38. Kf3 Kf8 39. Rxc7 Rxc7 40. Rd3 Rc2 41. Bf4 Ke7 42. Bxd6+ Kxd6 43. Ke3 Ra2 44. Rc3 f6 45. Kf3 Kd7 46. Ke3 Rb2 47. f3 b6 48. Rd3 Kc6 49. Rc3+ Kb5 50. Kd3 Rg2 51. g4 f5 52. gxf5 gxf5 53. Ke3 Rb2 54. Kd3 f4 55. Rc7 Rf2 56. Rxg7 Rxf3+ 57. Kd2 Rxa3 58. Rg6 Rh3 59. Rd6 a3 60. Kc2 Kc4 61. Rc6+ Kxb4 62. Rxb6+ Kc4 63. h5 Rh2+ 64. Kb1 Rxh5 65. Rf6 Kb3 66. Rb6+ Kc3 67. Rf6 Rh4 68. Ra6 Rh1+ 69. Ka2 Kxd4 70. Rxa3 Rc1 71. Kb2 Rc8 72. Kb1 Ke4 0-1

[Event "4th Chessfestival Gredine 2018"]
[Site "Ortisei"]
[Date "2018.06.22"]
[Round "7.19"]
[White "Jaracz, Barbara"]
[Black "Lumachi, Gabriele"]
[Result "0-1"]
[ECO "C65"]
[WhiteElo "2246"]
[BlackElo "1989"]
[Annotator "NA"]
[PlyCount "48"]
[EventDate "2018.06.16"]
[EventType "swiss"]
[EventCountry "ITA"]
[SourceTitle "playchess.com"]
[Source "ChessBase"]
[SourceQuality "1"]
[TimeControl "40/5400+30:1800+30"]

1. e4 e5 2. Nf3 Nc6 3. Bb5 Nf6 4. d3 Bc5 5. c3 O-O 6. O-O d6 7. h3 Ne7 8. Be3 Bb6 9. Nbd2 c6 10. Ba4 Ng6 11. d4 Re8 12. Bc2 Nh5 13. Nc4 exd4 14. Nxd4 Nf6 15. Nxb6 axb6 16. Nf5 d5 17. Ng3 Qc7 18. exd5 Nxd5 19. Bd4 Rd8 20. Nh5 c5 21. Bxg7 Ndf4 22. Bxg6 Rxd1 23. Rfxd1 fxg6 24. Nf6+ Kf7 0-1

[Event "4th Chessfestival Gredine 2018"]
[Site "Ortisei"]
[Date "2018.06.22"]
[Round "7.20"]
[White "Dev, Shah"]
[Black "Podetti, Davide"]
[Result "1/2-1/2"]
[ECO "D02"]
[WhiteElo "1997"]
[BlackElo "2186"]
[Annotator "NA"]
[PlyCount "39"]
[EventDate "2018.06.16"]
[EventType "swiss"]
[EventCountry "ITA"]
[SourceTitle "playchess.com"]
[Source "ChessBase"]
[SourceQuality "1"]
[TimeControl "40/5400+30:1800+30"]

1. d4 Nf6 2. Bf4 e6 3. e3 d5 4. Nf3 Bd6 5. Bg3 O-O 6. c4 dxc4 7. Bxc4 a6 8. Nc3 c5 9. dxc5 Bxc5 10. Qe2 b5 11. Bd3 Bb7 12. O-O Nbd7 13. Rfd1 Qb6 14. Rac1 Rac8 15. a3 Be7 16. b4 Rfd8 17. Ne5 Nxe5 18. Bxe5 Qc6 19. f3 Qe8 20. Bg3 1/2-1/2